 Dungeon Crawl Stone Soup version 0.32-a0-295-g33d090a (webtiles) character file.

Game seed: 3409257826258298346

405 Remcycle the Chopper (level 6, 0/47 HPs)
             Began as a Demonspawn Fighter on Feb 14, 2024.
             Was a Priest of Fedhas.
             Slain by an endoplasm (2 damage)
             ... on level 4 of the Dungeon.
             The game lasted 00:09:18 (2221 turns).

Remcycle the Chopper (Demonspawn Fighter)           Turns: 2221, Time: 00:09:19

Health: 0/47       AC:  7    Str: 18    XL:     6   Next: 56%
Magic:  6/6        EV: 11    Int:  8    God:    Fedhas [***...]
Gold:   193        SH:  0    Dex: 13    Spells: 5/5 levels left

rFire   . . .        a - +0 war axe
rCold   . . .        c - +0 buckler
rNeg    . . .        b - +0 scale mail
rPois   .            d - +0 helmet
rElec   .            (no cloak)
rCorr   .            (no gloves)
SInv    .            (no boots)
Will    .....        (no amulet) Stlth
                     (no ring)
HPRegen 0.27/turn    (no ring)
MPRegen 0.10/turn

%: no passive effects
@: confused, lethally poisoned (0 -> -1)
A: hooves 1, repulsion field 1, condensation shield
a: Renounce Religion, Wall of Briars, Grow Ballistomycete


You were on level 4 of the Dungeon.
You worshipped Fedhas.
Fedhas was most pleased with you.
You visited 1 branch of the dungeon, and saw 4 of its levels.

You collected 193 gold pieces.

Inventory:

Hand Weapons
 a - a +0 war axe (weapon)
Armour
 b - a +0 scale mail (worn)
 c - a +0 buckler (worn)
 d - a +0 helmet (worn)
Scrolls
 g - a scroll of amnesia {unknown}
 h - a scroll of butterflies {unknown}
 k - 2 scrolls of teleportation {unknown}
 l - a scroll of enchant armour {unknown}
 m - 4 scrolls of identify {unknown}
 n - a scroll of enchant weapon {unknown}
 q - a scroll of silence {unknown}
Potions
 e - a potion of ambrosia {unknown}
 f - a potion of mutation {unknown}
 i - a potion of cancellation {unknown}
 j - a potion of heal wounds {unknown}
 o - a potion of attraction {unknown}
 p - a potion of lignification {unknown}


   Skills:
 - Level 3.0 Fighting
 + Level 6.5 Axes
 - Level 2.6 Armour
 - Level 2.6 Shields


You had 5 spell levels left.
You didn't know any spells.
Your spell library contained the following spells:

 Spells                   Type           Power      Damage    Failure   Level
 Apportation              Tloc           0%         N/A       87%         1
 Necrotise                Necr           0%         1d4       87%         1
 Sting                    Conj/Alch      0%         1d3       87%         1
 Summon Small Mammal      Summ           0%         N/A       87%         1
 Inner Flame              Hex/Fire       0%         N/A       99%         3
 Flame Wave               Conj/Fire      0%         2d4       100%        4
 Sticky Flame             Fire/Alch      0%         2d4       100%        4


Dungeon Overview and Level Annotations

Branches:
Dungeon (4/15)
 Temple: D:4-7

Altars:
Fedhas
Nemelex Xobeh

Shops:
D:1 *   D:4 [(


Innate Abilities, Weirdness & Mutations

You have large cloven feet.
You are surrounded by a mild repulsion field. (EV +2)
A meltable shield of frost defends you. (SH +4)


Message History

You slash the orc!
You kill the orc!
Fedhas appreciates your contribution to the ecosystem.
You feel very sick.
You hear some strange, mumbled words.
Something tries to affect you, but you resist.
An endoplasm comes into view.
You feel sick.
Things that are here:
a +2 short sword of venom; a +0 dagger; a kobold corpse You feel sick.
You hear some strange, mumbled words.
You are confused.
Things that are here:
a +0 morningstar; an orc corpse; a hobgoblin corpse You feel sick.
Something hits you.
* * * LOW HITPOINT WARNING * * *
You hit the endoplasm. You kick the endoplasm.
The endoplasm is moderately wounded.
You closely miss something.
You feel sick. Something hits you but does no damage.
The endoplasm freezes you.
You are frozen.
* * * LOW HITPOINT WARNING * * *
You completely miss something. Your kick misses something.
You hit the endoplasm but do no damage.
You feel sick. Something hits you but does no damage.
The endoplasm freezes you.
You are frozen.
* * * LOW HITPOINT WARNING * * *
The endoplasm completely misses you. Something hits you.
* * * LOW HITPOINT WARNING * * *
You're too confused to move!
* * * LOW HITPOINT WARNING * * *
You feel sick.
You hear some strange, mumbled words.
You are more confused.
The endoplasm hits you.
You die...
Fedhas appreciates your contribution to the ecosystem.

.....###.##........>..
..
.....###..##..#.......
....).##.##..##.=..... .
......##..#..#..........
............###.....[...
....>.......##..........
.......##.......## .....
........#......).#....##
....>.......##†)@......#
........##..###{J.....##
.......##.......[....##
......................#
....................#
...##..............##
.................
...............


You could see an endoplasm.

Vanquished Creatures
  An orc priest (D:4)
  2 hounds (D:4)
  Robin (D:4)
  5 adders
  4 gnolls
  4 ribbon worms
  10 orcs
  15 ball pythons
  9 endoplasms
  3 giant cockroaches
  17 goblins
  13 hobgoblins
  7 jackals
  5 kobolds
  5 bats
  2 frilled lizards (D:3)
  10 rats
113 creatures vanquished.

Vanquished Creatures (collateral kills)
  2 orcs (D:4)
2 creatures vanquished.

Vanquished Creatures (others)
  A sleepcap (D:4)
1 creature vanquished.

Grand Total: 116 creatures vanquished

Notes
Turn   | Place    | Note
-------+----------+-------------------------------------------
     0 | D:1      | Remcycle the Demonspawn Fighter began the quest for the
                  | Orb.
     0 | D:1      | Reached XP level 1. HP: 18/18 MP: 1/1
    26 | D:1      | Reached skill level 2 in Axes
    61 | D:1      | Gained mutation: You are surrounded by a mild repulsion
                  | field. (EV +2) [demonic ancestry]
    61 | D:1      | Reached XP level 2. HP: 21/24 MP: 2/2
    92 | D:1      | Found Hytha's General Store.
   116 | D:1      | Found a faded altar of an unknown god.
   140 | D:1      | Reached skill level 3 in Axes
   180 | D:1      | Gained mutation: A meltable shield of frost defends you.
                  | (SH +4) [demonic ancestry]
   180 | D:1      | Reached XP level 3. HP: 29/29 MP: 3/3
   447 | D:1      | Prayed at the altar of an unknown god.
   447 | D:1      | Became a worshipper of Fedhas Madash
   447 | D:1      | Reached * piety under Fedhas
   475 | D:2      | Gained mutation: You have large cloven feet. [demonic
                  | ancestry]
   475 | D:2      | Reached XP level 4. HP: 35/35 MP: 4/4
   480 | D:2      | Reached skill level 4 in Axes
   836 | D:2      | Reached ** piety under Fedhas
   926 | D:2      | Reached XP level 5. HP: 41/41 MP: 5/5
  1386 | D:3      | Reached skill level 5 in Axes
  1557 | D:3      | Found a sparkling altar of Nemelex Xobeh.
  1962 | D:4      | Found Yfyxoet's Antique Armour Emporium.
  1992 | D:4      | Found Qeodipt's Antique Weapon Shop.
  1995 | D:4      | Noticed Robin
  2001 | D:4      | Reached *** piety under Fedhas
  2005 | D:4      | Reached XP level 6. HP: 30/47 MP: 6/6
  2007 | D:4      | Killed Robin
  2016 | D:4      | Reached skill level 6 in Axes
  2221 | D:4      | HP: 2/47 [poisoned by a kobold]
  2221 | D:4      | Slain by an endoplasm

Illustrated notes

Levels and vault maps discovered:
D:1:      wander_arrival_estate, layout_rooms, serial_shops, shop,
          nicolae_ecumenical_snake_handling, kennysheep_another_room
D:2:      layout_basic, minmay_tripent
D:3:      layout_basic, mainiacjoe_overflow_surrounded_room,
          kennysheep_generic_room_8
D:4:      layout_cave_pools, gammafunk_ghost_nasty_kobolds, serial_shops,
          nicolae_shop_dealshenge, shop, serial_column_ruins,
          column_ruins_open_tiny, column_ruins_open_small_water,
          column_ruins_corridor_dead_end, chequers_garden, uniq_robin

Skill      XL: |  1  2  3  4  5  6 |
---------------+-------------------+-----
Axes           | 2 3 4 5 6 |  6.5
Fighting       | |  3.0
Armour         | |  2.6
Shields        | |  2.6

Action                     |  1- 3 |  4- 6 || total
---------------------------+-------+-------++-------
  Melee: War axe           |    66 |   156 ||   222
         Kick              |       |    34 ||    34
 Invoke: Wall of Briars    |       |     1 ||     1
    Use: Potion            |       |     1 ||     1
 Armour: Scale mail        |    44 |    91 ||   135
  Dodge: Dodged            |    32 |    85 ||   117
  Block: Buckler           |    25 |    87 ||   112

Table legend: (Time is in decaauts)
 A = Elapsed time spent in this place.
 B = Non-inter-level travel time spent in this place.
 C = Inter-level travel time spent in this place.
 D = Time resting spent in this place.
 E = Time spent auto-exploring this place.
 F = Levels seen in this place.
 G = Mean time per level.
                   A        B        C        D        E       F      G
               +--------+--------+--------+--------+--------+-----+--------+
         Total |   2287 |   2235 |     52 |     88 |   1595 |   4 |  571.8 |
       Dungeon |   2287 |   2235 |     52 |     88 |   1595 |   4 |  571.8 |
               +--------+--------+--------+--------+--------+-----+--------+

Top non-repeatable levels by time:
     D:2: 869 daAuts
     D:3: 595 daAuts
     D:1: 481 daAuts
     D:4: 341 daAuts
